 Dungeon Crawl Stone Soup version 0.30-a0-777-ga9a30cbeda (webtiles) character file.

Game seed: 16858502052514733220

125 NinjaNoafa the Grasshopper (level 5, -7/43 HPs)
             Began as a Gnoll Warper on Feb 13, 2023.
             Mangled by Blork the orc
             ... wielding a +6 mace of holy wrath
              (14 damage)
             ... on level 4 of the Dungeon.
             The game lasted 00:13:48 (2316 turns).

NinjaNoafa the Grasshopper (Gnoll Warper)           Turns: 2316, Time: 00:13:49

Health: -7/43      AC:  4    Str: 17    XL:     5   Next: 9%
Magic:  0/12       EV: 13    Int: 20    God:
Gold:   66         SH:  0    Dex: 11    Spells: 4/14 levels left

rFire   . . .      SeeInvis .    a - +0 mace
rCold   . . .      Faith    .    (no shield)
rNeg    . . .      Spirit   .    b - +0 leather armour
rPois   .          Reflect  .    (no helmet)
rElec   .          Harm     .    (no cloak)
rCorr   .          Rampage  .    e - +0 pair of gloves
Will    .....                    (no boots)
Stlth   +                        (no amulet)
HPRegen 0.27/turn                g - +6 ring of strength
MPRegen 0.13/turn                k - +6 ring of intelligence

@: lethally poisoned (-7 -> -9)
A: fangs 1, strong nose, distributed training
a: no special abilities


You were on level 4 of the Dungeon.
You visited 1 branch of the dungeon, and saw 4 of its levels.

You collected 166 gold pieces.
You spent 100 gold pieces at shops.

Inventory:

Hand Weapons
 a - a +0 mace (weapon)
Missiles
 d - 7 boomerangs of dispersal
 f - 10 boomerangs (quivered)
 x - 3 poisoned darts
Armour
 b - a +0 leather armour (worn)
 e - a +0 pair of gloves (worn)
Jewellery
 g - a +6 ring of strength (left hand)
 k - a +6 ring of intelligence (right hand)
 C - a ring of resist corrosion
 D - a +6 ring of dexterity
Scrolls
 c - a scroll of blinking
 i - 2 scrolls of immolation {unknown}
 j - 3 scrolls of identify
 o - a scroll of poison {unknown}
 p - a scroll of vulnerability
 q - 5 scrolls of teleportation {unknown}
 r - a scroll of summoning {unknown}
 u - a scroll of fog {unknown}
 w - a scroll of fear {unknown}
 y - 2 scrolls of torment {unknown}
Potions
 h - 3 potions of mutation {unknown}
 l - a potion of lignification {unknown}
 m - 3 potions of curing
 n - 2 potions of degeneration
 s - a potion of ambrosia {unknown}
 t - 2 potions of heal wounds
 v - a potion of brilliance {unknown}
 z - a potion of cancellation {unknown}
 A - a potion of haste {unknown}
 B - a potion of resistance {unknown}
 E - a potion of might


   Skills:
 + Level 4.7 Fighting
 + Level 1.4 Short Blades
 + Level 1.4 Long Blades
 + Level 1.4 Axes
 + Level 4.7 Maces & Flails
 + Level 1.4 Polearms
 + Level 1.4 Staves
 + Level 1.4 Ranged Weapons
 + Level 2.9 Throwing
 + Level 2.9 Armour
 + Level 4.7 Dodging
 + Level 1.4 Stealth
 + Level 1.4 Shields
 + Level 1.4 Unarmed Combat
 + Level 5.1 Spellcasting
 + Level 1.1 Conjurations
 + Level 1.1 Hexes
 + Level 1.1 Summonings
 + Level 1.1 Necromancy
 + Level 5.5 Translocations
 + Level 1.1 Transmutations
 + Level 1.1 Fire Magic
 + Level 1.1 Ice Magic
 + Level 1.1 Air Magic
 + Level 1.1 Earth Magic
 + Level 1.1 Poison Magic
 + Level 1.5 Invocations
 + Level 1.4 Evocations


You had 4 spell levels left.
You knew the following spells:

 Your Spells              Type           Power      Damage    Failure   Level
a - Blink                 Tloc           54%        N/A       1%          2
b - Lesser Beckoning      Tloc           54%        N/A       1%          2
c - Teleport Other        Tloc           27%        N/A       4%          3
d - Vhi's Electric Charg  Tloc/Air       36%        N/A       11%         3

Your spell library contained the following spells:

 Spells                   Type           Power      Damage    Failure   Level
 Manifold Assault         Tloc           27%        N/A       14%         4
 Passage of Golubria      Tloc           27%        N/A       14%         4
 Tukima's Dance           Hex            9%         N/A       26%         3
 Yara's Violent Unravell  Hex/Tmut       4%         3d4       93%         5


Dungeon Overview and Level Annotations

Branches:
Dungeon (4/15)
 Temple: D:4-7

Altars:
Fedhas

Shops:
D:4 !

Annotations:
D:4 Blork the orc


Innate Abilities, Weirdness & Mutations

You have very sharp teeth.
Your uncanny sense of smell can sniff out nearby items.
Your experience applies equally to all skills.


Message History

The scorpion misses you.
Casting: Vhi's Electric Charge (dangerous; 11% risk of failure)
Confirm with . or Enter, or press ? or * to list all spells.
Charge where?
Press: ? - help, Dir - move target, f - adder, p - Blork the orc
Aim: an adder (wandering, hasn't noticed you, 62% to hit)
You charge forward with an electric crackle!
The adder hisses angrily.
You hit the adder and electrocute it.
The adder is heavily wounded.
You feel sick.
The scorpion stings you but does no damage.
The adder bites you.
* * * LOW HITPOINT WARNING * * *
You are more poisoned.
The adder poisons you!
Casting: Vhi's Electric Charge (dangerous; 11% risk of failure)
Confirm with . or Enter, or press ? or * to list all spells.
You blink.
You feel sick.
Blork the orc screams, "I'll make a cloak from your skin!"
Blork the orc gestures at you while chanting.
The magic dart hits you.
* * * LOW HITPOINT WARNING * * *
It was a potion of curing.
You feel better.
You hit the adder but do no damage.
The adder is heavily wounded.
The adder bites you.
* * * LOW HITPOINT WARNING * * *
You are poisoned.
The adder poisons you!
You feel stable enough to blink again.
You feel sick. The adder misses you.
Okay, then.
As you read the scroll labelled TUFEIW BUZOHOL, it crumbles to dust.
It is a scroll of identify.
p - a scroll of vulnerability You feel sick.
The adder bites you.
* * * LOW HITPOINT WARNING * * *
Blork the orc hits you with a +6 mace of holy wrath!
You die...

##......##....#....
##........#.........#
#....#...........[...
#....#...............
##.....#..............
#......##.............
#.......##....s.....#
#...<...##...oS###..#
##............@#⌠#..#
###...........###..#
#...................
##...........##......
###............###...##
#......................
###....................
#..............>......
##......#.........


You could see Blork the orc (fast), a scorpion and an adder.

Vanquished Creatures
  A hound (D:4)
  2 adders
  A worm (D:3)
  4 dart slugs
  An orc (D:4)
  5 ball pythons
  5 endoplasms
  6 giant cockroaches
  3 goblins
  2 hobgoblins
  10 jackals
  4 quokkas
  3 bats
  3 frilled lizards
  5 kobolds
  4 rats
59 creatures vanquished.

Vanquished Creatures (others)
  21 plants (D:2)
21 creatures vanquished.

Grand Total: 80 creatures vanquished

Notes
Turn   | Place    | Note
-------+----------+-------------------------------------------
     0 | D:1      | NinjaNoafa the Gnoll Warper began the quest for the Orb.
     0 | D:1      | Reached XP level 1. HP: 20/20 MP: 6/6
    73 | D:1      | Reached XP level 2. HP: 13/26 MP: 7/7
    83 | D:1      | Learned a level 2 spell: Blink
    86 | D:1      | Learned a level 2 spell: Lesser Beckoning
   832 | D:2      | Reached skill level 5 in Spellcasting
   832 | D:2      | Reached XP level 3. HP: 25/31 MP: 7/9
   836 | D:2      | Learned a level 3 spell: Teleport Other
  1069 | D:2      | Reached skill level 1 in Invocations
  1130 | D:2      | Learned a level 3 spell: Vhi's Electric Charge
  1145 | D:2      | Reached skill level 1 in Short Blades
  1145 | D:2      | Reached skill level 1 in Long Blades
  1145 | D:2      | Reached skill level 1 in Axes
  1145 | D:2      | Reached skill level 1 in Polearms
  1145 | D:2      | Reached skill level 1 in Staves
  1145 | D:2      | Reached skill level 1 in Ranged Weapons
  1145 | D:2      | Reached skill level 1 in Stealth
  1145 | D:2      | Reached skill level 1 in Shields
  1145 | D:2      | Reached skill level 1 in Unarmed Combat
  1145 | D:2      | Reached skill level 1 in Evocations
  1479 | D:3      | Reached XP level 4. HP: 38/38 MP: 6/11
  1555 | D:3      | Found a blossoming altar of Fedhas.
  1842 | D:3      | Reached skill level 1 in Conjurations
  1842 | D:3      | Reached skill level 1 in Hexes
  1842 | D:3      | Reached skill level 1 in Summonings
  1842 | D:3      | Reached skill level 1 in Necromancy
  1842 | D:3      | Reached skill level 1 in Transmutations
  1842 | D:3      | Reached skill level 1 in Fire Magic
  1842 | D:3      | Reached skill level 1 in Ice Magic
  1842 | D:3      | Reached skill level 1 in Air Magic
  1842 | D:3      | Reached skill level 1 in Earth Magic
  1842 | D:3      | Reached skill level 1 in Poison Magic
  2092 | D:4      | Reached XP level 5. HP: 10/43 MP: 2/12
  2244 | D:4      | Found Legiss's Distillery.
  2252 | D:4      | Bought a potion of degeneration for 10 gold pieces
  2252 | D:4      | Bought a potion of heal wounds for 50 gold pieces
  2252 | D:4      | Bought a potion of might for 40 gold pieces
  2305 | D:4      | Noticed Blork the orc
  2316 | D:4      | Mangled by Blork the orc

Illustrated notes

Levels and vault maps discovered:
D:1:      dpeg_arrival_round_c, layout_basic, serial_bayou, serial_bayou_ford_a,
          serial_bayou_pond_a, serial_bayou_pond_a, serial_bayou_crossing
D:2:      layout_basic, serial_bayou_lagoon_a
D:3:      layout_loops_ring, mainiacjoe_overflow_catwalk
D:4:      layout_cave_pools, serial_shops, nicolae_square_shop, serial_glass,
          glass_columns_a, glass_columns_a, feat_on_display,
          minmay_strange_pillars, uniq_blork_the_orc

Skill      XL: |  1  2  3  4 |
---------------+-------------+-----
Spellcasting   | 5 |  5.1
Invocations    | 1 |  1.5
Short Blades   | 1 |  1.4
Long Blades    | 1 |  1.4
Axes           | 1 |  1.4
Polearms       | 1 |  1.4
Staves         | 1 |  1.4
Ranged Weapons | 1 |  1.4
Stealth        | 1 |  1.4
Shields        | 1 |  1.4
Unarmed Combat | 1 |  1.4
Evocations     | 1 |  1.4
Conjurations   | 1 |  1.1
Hexes          | 1 |  1.1
Summonings     | 1 |  1.1
Necromancy     | 1 |  1.1
Transmutations | 1 |  1.1
Fire Magic     | 1 |  1.1
Ice Magic      | 1 |  1.1
Air Magic      | 1 |  1.1
Earth Magic    | 1 |  1.1
Poison Magic   | 1 |  1.1
Fighting       | |  4.7
Maces & Flails | |  4.7
Throwing       | |  2.9
Armour         | |  2.9
Dodging        | |  4.7
Translocations | |  5.5

Action                     |  1- 3 |  4- 6 || total
---------------------------+-------+-------++-------
  Melee: Mace              |   123 |    81 ||   204
         Bite              |     8 |     8 ||    16
         Punch             |     1 |       ||     1
   Cast: Lesser Beckoning  |     7 |       ||     7
         Vhi's Electric Ch |     8 |    19 ||    27
         Blink             |       |     6 ||     6
    Use: Scroll            |       |     1 ||     1
         Potion            |       |     1 ||     1
   Stab: Sleeping          |     1 |       ||     1
 Armour: Leather armour    |    47 |    25 ||    72
  Dodge: Dodged            |    95 |    85 ||   180

Table legend: (Time is in decaauts)
 A = Elapsed time spent in this place.
 B = Non-inter-level travel time spent in this place.
 C = Inter-level travel time spent in this place.
 D = Time resting spent in this place.
 E = Time spent auto-exploring this place.
 F = Levels seen in this place.
 G = Mean time per level.
                   A        B        C        D        E       F      G
               +--------+--------+--------+--------+--------+-----+--------+
         Total |   2361 |   1822 |    539 |      0 |      0 |   4 |  590.2 |
       Dungeon |   2361 |   1822 |    539 |      0 |      0 |   4 |  590.2 |
               +--------+--------+--------+--------+--------+-----+--------+

Top non-repeatable levels by time:
     D:1: 814 daAuts
     D:3: 626 daAuts
     D:2: 618 daAuts
     D:4: 302 daAuts
